 Dungeon Crawl Stone Soup version 0.28.0 (webtiles) character file.

Game seed: 228804325374132834

42 issech the Cudgeller (level 3, 0/34 (36) HPs)
             Began as a Troll Monk on Feb 6, 2022.
             Succumbed to Crazy Yiuf's poison
             ... on level 2 of the Dungeon.
             The game lasted 00:02:39 (836 turns).

issech the Cudgeller (Troll Monk)                    Turns: 836, Time: 00:02:40

HP:   0/34 (36)     AC:  4    Str: 19    XL:     3   Next: 35%
MP:   2/2           EV: 10    Int:  6    God:
Gold: 31            SH:  5    Dex: 14    Spells: 2/2 levels left

rFire   . . .      SeeInvis .   f - +1 whip (freeze)
rCold   . . .      Faith    .   (no shield)
rNeg    . . .      Spirit   .   b - +0 robe
rPois   .          Reflect  +   (helmet restricted)
rElec   .          Harm     .   (no cloak)
rCorr   .          Rampage  .   (gloves unavailable)
Will    .....                   (boots unavailable)
Stlth   ++........              e - amulet of reflection
HPRegen 0.91/turn               (no ring)
MPRegen 0.08/turn               (no ring)

@: lethally poisoned (0 -> -6), drained
A: large, unfitting armour, claws 3, regeneration 1, shaggy fur 1, tough skin 1
a: no special abilities


You were on level 2 of the Dungeon.
You visited 1 branch of the dungeon, and saw 2 of its levels.

You collected 31 gold pieces.

Inventory:

Hand Weapons
 a - a +0 mace
 f - a +1 whip of freezing (weapon)
Missiles
 c - 14 stones (quivered)
 g - 57 arrows
 h - 3 atropa-tipped darts
 i - 6 javelins
 k - a throwing net
Armour
 b - a +0 robe (worn)
Jewellery
 e - an amulet of reflection (around neck)
Scrolls
 d - a scroll of vulnerability {unknown}
 j - a scroll of teleportation {unknown}
Potions
 l - a potion of flight {unknown}


   Skills:
 + Level 2.7 Fighting
 + Level 3.3 Maces & Flails
 + Level 2.8 Dodging
 + Level 1.1 Stealth


You had 2 spell levels left.
You didn't know any spells.
Your spell library was empty.

Dungeon Overview and Level Annotations

Branches:
Dungeon (2/15)

Altars:

Annotations:
D:2 Crazy Yiuf


Innate Abilities, Weirdness & Mutations

You are too large for most types of armour.
You have claws for hands.
Your natural rate of healing is unusually fast.
You are covered in fur. (AC +1)
You have tough skin. (AC +1)


Message History

The fungus is lightly damaged.
You hit the fungus. You freeze the fungus.
The fungus is lightly damaged.
You hit the fungus. You freeze the fungus.
The fungus is lightly damaged.
You hit the fungus. You freeze the fungus.
The fungus is lightly damaged.
You hit the fungus. You freeze the fungus.
The fungus is lightly damaged.
A nearby fungus withers and dies.
You see here a +0 mace.
Found four maces.
Found a runed translucent door.
Found a mace.
You see here a +0 mace.
Found two maces.
You open the door. You hit Crazy Yiuf but do no damage.
Crazy Yiuf hits you with a +4 quarterstaff of chaos!
You feel drained.
You closely miss Crazy Yiuf.
Crazy Yiuf hits you with a +4 quarterstaff of chaos!
Crazy Yiuf burns you.
* * * LOW HITPOINT WARNING * * *
You hit Crazy Yiuf. You freeze Crazy Yiuf.
Crazy Yiuf is lightly wounded.
Crazy Yiuf barely misses you.
You hit Crazy Yiuf. You freeze Crazy Yiuf.
Crazy Yiuf is moderately wounded.
Crazy Yiuf says, "Crazy?
Crazy!?
PORCUPINE!"
Crazy Yiuf barely misses you.
You hit Crazy Yiuf. You freeze Crazy Yiuf.
Crazy Yiuf is heavily wounded.
Crazy Yiuf hits you with a +4 quarterstaff of chaos.
* * * LOW HITPOINT WARNING * * *
You hit Crazy Yiuf but do no damage.
Crazy Yiuf is heavily wounded.
Crazy Yiuf hits you with a +4 quarterstaff of chaos!
* * * LOW HITPOINT WARNING * * *
You are lethally poisoned!
You die...

#...##
##..#.......
#....#
##........<
#....#
##..>.....
♣PP.♣♣
##........
♣♣P..♣
...........
♣♣)♣♣
####.......
♣♣.♣
#.......
♣.♣♣
##......<
♣♣@♣
#........
♣.♣♣
^.#......
#g#
####.....
))) ###...
#.).# #†##
#).)# #.#
#####
#######.##
..........
##########


You could see Crazy Yiuf.

Vanquished Creatures
  An adder (D:2)
  A worm (D:2)
  2 ball pythons (D:1)
  2 endoplasms (D:1)
  2 giant cockroaches (D:1)
  3 hobgoblins (D:1)
  3 jackals (D:2)
  5 kobolds (D:1)
  A quokka (D:1)
  3 bats (D:1)
  2 frilled lizards (D:1)
  A rat (D:1)
26 creatures vanquished.

Vanquished Creatures (others)
  2 fungi (D:2)
2 creatures vanquished.

Grand Total: 28 creatures vanquished

Notes
Turn   | Place    | Note
-------+----------+-------------------------------------------
     0 | D:1      | issech the Troll Monk began the quest for the Orb.
     0 | D:1      | Reached XP level 1. HP: 22/22 MP: 0/0
   126 | D:1      | Reached XP level 2. HP: 29/29 MP: 1/1
   293 | D:1      | Reached skill level 3 in Maces & Flails
   724 | D:2      | Reached XP level 3. HP: 36/36 MP: 2/2
   825 | D:2      | Found a runed translucent door.
   826 | D:2      | Noticed Crazy Yiuf
   836 | D:2      | Succumbed to Crazy Yiuf's poison

Illustrated notes

Levels and vault maps discovered:
D:1:      dpeg_arrival_windows_large_door, layout_basic, interstate_on_off,
          minmay_pentomino_u2
D:2:      layout_rooms, basic_altar, minmay_hedge_maze, minmay_strange_pillars,
          minmay_tall_x, uniq_robin, uniq_crazy_yiuf_cottage, uniq_jessica

Skill      XL: |  1  2 |
---------------+-------+-----
Maces & Flails | 3 |  3.3
Fighting       | |  2.7
Dodging        | |  2.8
Stealth        | |  1.1

Action                   || total
-------------------------++-------
Melee: Mace              ||    44
       Punch             ||     2
       Whip              ||    54
Armor: Robe              ||    28
Dodge: Dodged            ||    35
Block: Other             ||    15
       Reflection        ||     1
